 Dungeon Crawl Stone Soup version 0.29-a0-356-g7bc237e783 (webtiles) character file.

Game seed: 14602006000631488642

13910 spaghetti the Geomancer (level 11, -6/90 (97) HPs)
             Began as a Deep Dwarf Earth Elementalist on Apr 26, 2022.
             Was a Priest of Ru.
             Mangled by a death yak (14 damage)
             ... on level 11 of the Dungeon.
             The game lasted 00:26:13 (14184 turns).

spaghetti the Geomancer (DDEE)                     Turns: 14184, Time: 00:26:14

HP:   -6/90 (97)    AC: 10    Str: 14    XL:     11   Next: 81%
MP:   0/24          EV: 13    Int: 23    God:    Ru [***...]
Gold: 431           SH:  5    Dex: 13    Spells: 14/29 levels left

rFire   + . .      SeeInvis .   I - +5 dagger of the Pure Hells {spect, rElec rN++ Will- Str+3, short}
rCold   . . .      Faith    .   (shield unavailable)
rNeg    + + +      Spirit   .   v - +0 ring mail of the Tentacled God {Fly Str-2 Int+4}
rPois   .          Reflect  +   M - +0 helmet
rElec   +          Harm     .   K - +0 cloak
rCorr   .          Rampage  .   q - +0 pair of gloves
Will    .....                   (no boots)
Stlth   +.........              J - amulet of reflection
HPRegen 0.00/turn               (ring unavailable)
MPRegen 0.19/turn               p - ring of positive energy

@: exhausted, flying, drained
A: damage resistance, heal wounds, sense surroundings 3, missing a hand, no
regeneration, claws 1, fire resistance 1
a: Heal Wounds, Renounce Religion, Draw Out Power


You were on level 11 of the Dungeon.
You worshipped Ru.
Ru was most pleased with you.
You visited 2 branches of the dungeon, and saw 13 of its levels.

You collected 566 gold pieces.
You spent 135 gold pieces at shops.


Innate Abilities, Weirdness & Mutations

You are resistant to damage.
You can heal yourself by infusing magical energy.
You passively map a large area around you.
You are missing a hand.
You do not regenerate.
You have sharp fingernails.
Your flesh is heat resistant. (rF+)


   Skills:
 * Level 5.6 Fighting
 + Level 6.1 Armour
 + Level 6.6 Dodging
 - Level 2.4 Stealth
 * Level 9.7 Spellcasting
 - Level 2.0 Hexes
 + Level 7.1 Summonings
 - Level 0.8 Transmutations
 - Level 2.0 Ice Magic
 + Level 11.4 Earth Magic


You had 14 spell levels left.
You knew the following spells:

 Your Spells              Type           Power      Damage    Failure   Level
a - Sandblast             Erth           100%       2d20      1%          1
b - Stone Arrow           Conj/Erth      74%        3d11      3%          3
c - Summon Ice Beast      Ice/Summ       32%        N/A       17%         4
d - Summon Mana Viper     Hex/Summ       32%        N/A       43%         5
e - Passwall              Tmut/Erth      32%        N/A       1%          2

Your spell library contained the following spells:

 Spells                   Type           Power      Damage    Failure   Level
 Petrify                  Tmut/Erth      39%        N/A       9%          4
 Shock                    Conj/Air       44%        1d5       11%         1
 Borgnjor's Vile Clutch   Necr/Erth      18%        N/A       28%         5
 Airstrike                Air            5%         N/A       71%         4
 Excruciating Wounds      Necr           5%         N/A       96%         5
 Monstrous Menagerie      Summ           21%        N/A       99%         7

Inventory:

Hand Weapons
 c - a +0 dagger {short}
   (You took it off a goblin on level 1 of the Dungeon)
 d - a +0 dagger {short}
   (You took it off a goblin on level 1 of the Dungeon)
 f - a +0 whip of electrocution {mace}
   (You took it off a kobold on level 1 of the Dungeon)
 h - a +0 hand axe of electrocution {axe}
   (You found it on level 2 of the Dungeon)
 r - a +1 war axe of flaming {axe}
   (You took it off an orc on level 5 of the Dungeon)
 I - the +5 dagger of the Pure Hells (weapon) {spect, rElec rN++ Will- Str+3, short}
   (You found it on level 10 of the Dungeon)

   When its wielder attacks, the weapon's spirit leaps out and strikes again.
   The spirit shares a part of any damage it takes with its wielder.
   Str:       It affects your strength (+3).
   rElec:     It insulates you from electricity.
   rN:        It greatly protects you from negative energy.
   Will:      It decreases your willpower.
Missiles
 a - 98 stones {throwing}
 i - 8 poisoned darts {throwing}
 k - 6 boomerangs {throwing}
 E - a throwing net {=f!fthrowing}
Armour
 b - a +1 robe
 q - a +0 pair of gloves (worn)
   (You found it on level 5 of the Dungeon)
 v - the +0 ring mail of the Tentacled God (worn) {Fly Str-2 Int+4}
   (You found it on level 5 of the Dungeon)

   Str:       It affects your strength (-2).
   Int:       It affects your intelligence (+4).
   Fly:       It grants you flight.
 K - a +0 cloak (worn)
   (You found it on level 9 of the Dungeon)
 M - a +0 helmet (worn)
   (You bought it in a shop on level 10 of the Dungeon)
Jewellery
 p - a ring of positive energy (right hand)
   (You found it on level 3 of the Dungeon)
 J - an amulet of reflection (around neck)
   (You found it on level 9 of the Dungeon)
Wands
 u - a wand of flame (16)
   (You found it on level 5 of the Dungeon)
 y - a wand of polymorph (5)
   (You found it on level 7 of the Dungeon)
 C - a wand of charming (11)
   (You found it on level 8 of the Dungeon)
Scrolls
 g - 8 scrolls of teleportation {@r4}
 j - a scroll of brand weapon
 l - 4 scrolls of immolation {!r!r}
 n - 3 scrolls of fear
 o - 3 scrolls of magic mapping {!r}
 t - a scroll of summoning
 x - a scroll of blinking {!r}
 B - a scroll of enchant weapon
 G - a scroll of silence {!r}
 L - a scroll of identify {@r1}
Potions
 e - 2 potions of haste {@q3}
 m - 3 potions of magic
 s - a potion of resistance
 w - a potion of curing {@q1}
 z - a potion of berserk rage {unknown}
 A - 3 potions of lignification {!q}
 D - a potion of cancellation {unknown}
 F - a potion of degeneration {unknown}
 H - a potion of heal wounds {unknown}
 N - a potion of flight {unknown}

Dungeon Overview and Level Annotations

Branches:
Dungeon (12/15)            Temple (1/1) D:4             Orc (0/2) D:10
   Lair: D:8-11

Altars:
Ashenzari
Cheibriados
Dithmenos
Elyvilon
Fedhas
Gozag
Hepliaklqana
Kikubaaqudgha
Makhleb
Nemelex Xobeh
Okawaru
Qazlal
Ru
Sif Muna
Trog
Uskayaw
Vehumet
Wu Jian
Xom
Yredelemnul
Zin
The Shining One

Shops:
D:8 *   D:10 =(*

Annotations:
D:6 3 runed translucent doors, siradein's ghost, novice DrFE
D:9 3 runed translucent doors
D:10 Lodul
D:11 exclusion: door

,#....................# ,
,, *
#######..###'#########*
#####.#####+###...###...##
* *
....).....>...#...........
..............#...........
*
###..#######.##.##.#######
** *#.,
,.##.##.##.####.##.##.* ..
, ..................... ,
.. ,, ,
.......@............ , ,
y, ,, ........Yยง.........
, , * ,*###...###'####...#
,* * , * ##...###.โ€
###...# * ,
................# ,, ,, ,
.................+ *, * *
##....##...##....# * *,, *
* #... #...####โ€ ##* ,*,
* #.., +...#...r.#* *


You could see a death yak.


Message History

Aim: a death yak (moderately wounded, softly glowing, 95% to hit)
The blast of sand hits the death yak!! ๐Ÿ˜ฎ MP[-1]
You lost 1 mp, and now have 6/24 mp.
Casting: Sandblast (safe; 1% risk of failure)
Confirm with . or Enter, or press ? or * to list all spells.
Aiming: Sandblast (safe; 1% risk of failure)
Press: ? - help, Shift-Dir - straight line, f/p - death yak
Aim: a death yak (heavily wounded, softly glowing, 95% to hit)
The blast of sand hits the death yak but does no damage.
The death yak gores you! Something hits you but does no damage.
Something bites you but does no damage. ๐Ÿ˜ฎ HP[-14] MP[-1]
You take 14 damage, and now have 45/81 hp.
You lost 1 mp, and now have 5/24 mp.
Unknown command.
Casting: Sandblast (safe; 1% risk of failure)
Confirm with . or Enter, or press ? or * to list all spells.
Aiming: Sandblast (safe; 1% risk of failure)
Press: ? - help, Shift-Dir - straight line, f/p - death yak
Aim: a death yak (heavily wounded, softly glowing, 95% to hit)
The blast of sand hits the death yak!
The death yak closely misses you. Something barely misses you.
You block something's attack. ๐Ÿ˜ฎ MP[-1]
You lost 1 mp, and now have 4/24 mp.
Casting: Sandblast (safe; 1% risk of failure)
Confirm with . or Enter, or press ? or * to list all spells.
Aiming: Sandblast (safe; 1% risk of failure)
Press: ? - help, Shift-Dir - straight line, f/p - death yak
Aim: a death yak (heavily wounded, softly glowing, 95% to hit)
The blast of sand hits the death yak!!
The death yak gores you but does no damage.
Something hits you!
* * * LOW HITPOINT WARNING * * *
Something bites you!
* * * LOW HITPOINT WARNING * * *
๐Ÿ˜จ HP[-12]
You take 12 damage, and now have 33/81 hp.
Casting: Sandblast (safe; 1% risk of failure)
Confirm with . or Enter, or press ? or * to list all spells.
Aiming: Sandblast (safe; 1% risk of failure)
Press: ? - help, Shift-Dir - straight line, f/p - death yak
Aim: a death yak (almost dead, softly glowing, 95% to hit)
The blast of sand hits the death yak!!
You kill the death yak! ๐Ÿ˜จ MP[-1]
You now have 90 max hp (+9).
You lost 1 mp, and now have 3/24 mp.
Casting: Sandblast (safe; 1% risk of failure)
Confirm with . or Enter, or press ? or * to list all spells.
Aiming: Sandblast (safe; 1% risk of failure)
Press: ? - help, Shift-Dir - straight line, f - death yak
Aim: a death yak (94% to hit)
The blast of sand misses the death yak.
The blast of sand hits the river rat!
You kill the river rat! ๐Ÿ˜จ MP[-1]
You lost 1 mp, and now have 2/24 mp.
Casting: Sandblast (safe; 1% risk of failure)
Confirm with . or Enter, or press ? or * to list all spells.
Aiming: Sandblast (safe; 1% risk of failure)
Press: ? - help, Shift-Dir - straight line, f/p - death yak
Aim: a death yak (94% to hit)
The blast of sand hits the death yak.
The death yak gores you. ๐Ÿ˜จ MP[-1]
You lost 1 mp, and now have 1/24 mp.
Casting: Sandblast (safe; 1% risk of failure)
Confirm with . or Enter, or press ? or * to list all spells.
Aiming: Sandblast (safe; 1% risk of failure)
Press: ? - help, Shift-Dir - straight line, f/p - death yak
Aim: a death yak (lightly wounded, 94% to hit)
The blast of sand hits the death yak!
The death yak closely misses you. ๐Ÿ˜จ MP[-1]
You lost 1 mp, and now have 0/24 mp.
You hit the death yak but do no damage.
Your +5 dagger of the Pure Hells {spect, rElec rN++ Will- Str+3, short} hits the death yak but does no damage.
The death yak closely misses you. ๐Ÿ˜จ MP[+1]
Casting: Sandblast (safe; 1% risk of failure)
Confirm with . or Enter, or press ? or * to list all spells.
Aiming: Sandblast (safe; 1% risk of failure)
Press: ? - help, Shift-Dir - straight line, f/p - death yak
Aim: a death yak (lightly wounded, 94% to hit)
The blast of sand hits the death yak!
You redirect something's attack!
The death yak gores you!
* * * LOW HITPOINT WARNING * * *
๐Ÿ˜จ HP[-4] MP[-1]
You take 4 damage, and now have 29/90 hp.
You lost 1 mp, and now have 0/24 mp.
You hit the death yak but do no damage.
Your +5 dagger of the Pure Hells {spect, rElec rN++ Will- Str+3, short} hits the death yak.
The death yak gores you.
You completely miss the death yak.
Your +5 dagger of the Pure Hells {spect, rElec rN++ Will- Str+3, short} hits the death yak.
The death yak gores you!!
* * * LOW HITPOINT WARNING * * *
๐Ÿ˜ฑ HP[-21]
You take 21 damage, and now have 8/90 hp.
MASSIVE DAMAGE!! (PAUSE)
The death yak attacks as you move away! The death yak gores you!
You die...

Skill      XL: |  1  2  3  4  5  6  7  8  9 10 11 |
---------------+----------------------------------+-----
Earth Magic    | 5 6 7 8 9 10 11 | 11.4
Spellcasting   | 2 3 4 5 6 7 8 9 |  9.7
Summonings     | 1 2 3 4 5 6 7 |  7.1
Hexes          | 1 2 |  2.0
Ice Magic      | 1 2 |  2.0
Armour         | 3 4 6 |  6.1
Dodging        | 4 5 6 |  6.6
Fighting       | 3 5 |  5.6
Stealth        | |  2.4
Transmutations | |  0.8

Action                   |  1- 3 |  4- 6 |  7- 9 | 10-12 || total
-------------------------+-------+-------+-------+-------++-------
Melee: Whip              |    14 |     1 |       |       ||    15
       Hand axe          |       |    23 |    48 |    24 ||    95
       Dagger            |       |       |       |    31 ||    31
 Cast: Sandblast         |    43 |    18 |    47 |    54 ||   162
       Stone Arrow       |     2 |    53 |    85 |   179 ||   319
Invok: Draw Out Power    |       |       |    19 |    28 ||    47
       Sacrifice a Hand  |       |       |     1 |       ||     1
       Reject Sacrifices |       |       |       |     1 ||     1
 Abil: Heal Wounds       |     1 |     1 |     2 |       ||     4
Evoke: Wand              |       |       |     2 |       ||     2
  Use: Potion            |     4 |     4 |     2 |     4 ||    14
       Scroll            |     3 |     3 |     1 |     4 ||    11
 Stab: Sleeping          |       |     1 |       |       ||     1
Armor: Robe              |     4 |    11 |    25 |       ||    40
       Ring mail         |       |       |    21 |    38 ||    59
Dodge: Dodged            |    15 |    19 |    99 |    71 ||   204
Block: Other             |       |       |       |    21 ||    21

Levels and vault maps discovered:
D:1:      ldierk_water_garden, layout_loops_ring,
          shapermc_ecumenical_altar_totnotflames,
          minmay_misc_feat_secret_circle, minmay_misc_feat_doors,
          amcnicky_mini_rare_corridor_liquid
D:2:      layout_loops_ring
D:3:      layout_basic, uniq_jessica
D:4:      layout_loops_corners, minmay_temple_entry_trees, serial_rivers,
          chequers_serial_rivers_room_b, chequers_serial_rivers_micro_c,
          chequers_serial_rivers_small_3, chequers_serial_rivers_small_b,
          chequers_serial_rivers_large_b
D:5:      minmay_opposing_rooms, layout_loops_ring, uniq_grinder
D:6:      layout_basic, ebering_ghost_gozag
D:7:      layout_basic, uniq_joseph
D:8:      layout_loops_cross, serial_shops, shop
D:9:      layout_roguey, mainiacjoe_overflow_brackets,
          ploomutoo_gammafunk_ghost_potion_laboratory, lemuel_flamethrower_2
D:10:     layout_loops_ring, erik_orc_4, serial_shops, shop, shop,
          kennysheep_mini, nicolae_lakefront_shop, uniq_erolcha, uniq_lodul
D:11:     layout_gridville, dpeg_lair_monsters, serial_shops,
          nicolae_shop_hallway_plus
D:12:     layout_irregular_city, hellmonk_ghost_happy_afterlife
Temple:   mainiacjoe_temple_starburst

Notes
Turn   | Place    | Note
-------+----------+-------------------------------------------
     0 | D:1      | spaghetti the Deep Dwarf Earth Elementalist began the quest
                  | for the Orb.
     0 | D:1      | Reached XP level 1. HP: 15/15 MP: 3/3
     0 | D:1      | magus.rc [v1.9.6]
   131 | D:1      | Reached XP level 2. HP: 22/22 MP: 2/4
   236 | D:1      | Reached skill level 5 in Earth Magic
   356 | D:1      | Reached skill level 2 in Spellcasting
   537 | D:1      | You pick up a book of Beasts and begin reading...
   537 | D:1      | You add the spells Summon Ice Beast, Summon Mana Viper and
                  | Monstrous Menagerie to your library.
   770 | D:1      | Found a faded altar of an unknown god.
   878 | D:1      | Reached XP level 3. HP: 24/28 MP: 3/6
   885 | D:1      | Learned a level 3 spell: Stone Arrow
  1039 | D:2      | Gained mutation: You are weak. (Str -2) [potion of
                  | mutation]
  1039 | D:2      | Gained mutation: You are somewhat resistant to further
                  | mutation. [potion of mutation]
  1080 | D:2      | HP: 5/28 [iguana (8)]
  1270 | D:2      | Reached XP level 4. HP: 24/36 MP: 5/7
  1280 | D:2      | Learned a level 4 spell: Summon Ice Beast
  2477 | D:3      | Reached skill level 1 in Summonings
  2786 | D:3      | Noticed Jessica
  2786 | D:3      | Noticed a scorpion
  3087 | D:3      | Killed Jessica
  3088 | D:3      | Reached skill level 3 in Spellcasting
  3096 | D:3      | Killed a scorpion
  3097 | D:3      | Reached XP level 5. HP: 15/42 MP: 0/9
  3413 | D:4      | Reached skill level 1 in Hexes
  3413 | D:4      | Reached skill level 1 in Ice Magic
  3621 | D:4      | Found a staircase to the Ecumenical Temple.
  3636 | Temple   | Entered the Ecumenical Temple
  3887 | Temple   | Became a worshipper of Ru the Awakened
  4087 | D:4      | Noticed a phantom
  4105 | D:4      | Killed a phantom
  4106 | D:4      | Reached skill level 6 in Earth Magic
  4106 | D:4      | Reached XP level 6. HP: 19/49 MP: 0/11
  4891 | D:4      | Reached skill level 2 in Summonings
  5358 | D:5      | Entered Level 5 of the Dungeon
  5481 | D:5      | HP: 8/49 [white imp/puff of frost (9)]
  5577 | D:5      | Reached skill level 4 in Spellcasting
  5577 | D:5      | Reached skill level 2 in Hexes
  5577 | D:5      | Reached skill level 2 in Ice Magic
  5577 | D:5      | Reached XP level 7. HP: 34/55 MP: 0/13
  6119 | D:5      | Noticed Grinder
  6126 | D:5      | Killed Grinder
  6127 | D:5      | Reached skill level 5 in Spellcasting
  6127 | D:5      | Reached skill level 3 in Summonings
  6127 | D:5      | Reached skill level 7 in Earth Magic
  6133 | D:5      | Learned a level 5 spell: Summon Mana Viper
  6273 | D:5      | Gained mutation: You are missing a hand. [Ru sacrifice]
  6273 | D:5      | Reached * piety under Ru
  6273 | D:5      | Reached ** piety under Ru
  6273 | D:5      | Reached *** piety under Ru
  6368 | D:5      | Reached XP level 8. HP: 50/61 MP: 8/15
  6660 | D:5      | HP: 14/59 [yak (8)]
  6663 | D:5      | Reached skill level 4 in Summonings
  6663 | D:5      | Reached skill level 8 in Earth Magic
  6668 | D:5      | Reached skill level 6 in Spellcasting
  6669 | D:5      | HP: 5/62 [yak (11)]
  6929 | D:5      | HP: 5/59 [ice beast (12)]
  6933 | D:5      | Gained mutation: You passively map the area around you.
                  | [Deep Dwarf growth]
  6933 | D:5      | Reached XP level 9. HP: 4/64 MP: 3/19
  7253 | D:5      | Learned a level 2 spell: Passwall
  7261 | D:5      | Identified the +0 ring mail of the Tentacled God {Fly Str-2
                  | Int+4}
  7484 | D:6      | HP: 10/55 [gnoll/+0 spear (4)]
  7498 | D:6      | Reached skill level 1 in Armour
  7509 | D:6      | Reached skill level 9 in Earth Magic
  7704 | D:6      | Reached skill level 7 in Spellcasting
  7719 | D:6      | Reached skill level 5 in Summonings
  7939 | D:6      | Found a runed translucent gate.
  7939 | D:6      | Found a runed translucent gate.
  7939 | D:6      | Found a runed translucent gate.
  7940 | D:6      | Found an opulent altar of Gozag.
  7940 | D:6      | Noticed a two-headed ogre
  7941 | D:6      | Noticed siradein's ghost (novice DrFE)
  7944 | D:6      | Reached skill level 3 in Dodging
  7980 | D:6      | Reached skill level 2 in Armour
  8722 | D:7      | Reached skill level 3 in Armour
  8722 | D:7      | Reached skill level 4 in Dodging
  8834 | D:7      | Noticed Joseph
  8845 | D:7      | Killed Joseph
  8846 | D:7      | Reached XP level 10. HP: 47/75 MP: 4/21
  8969 | D:7      | Reached skill level 8 in Spellcasting
  8974 | D:7      | Reached skill level 10 in Earth Magic
  9618 | D:7      | Paralysed by a hornet for 2 turns
  9621 | D:7      | Reached skill level 1 in Fighting
 10168 | D:8      | Found Weoscheel's General Store.
 10192 | D:8      | Noticed a gargoyle
 10200 | D:8      | Killed a gargoyle
 10201 | D:8      | Reached skill level 4 in Armour
 10201 | D:8      | Reached skill level 6 in Summonings
 10423 | D:8      | Reached skill level 2 in Fighting
 10854 | D:8      | Reached skill level 5 in Dodging
 11145 | D:9      | Noticed a two-headed ogre
 11149 | D:9      | Reached skill level 3 in Fighting
 11149 | D:9      | Killed a two-headed ogre
 11270 | D:9      | Found a basalt altar of Yredelemnul.
 11488 | D:9      | Noticed a gargoyle
 11492 | D:9      | Killed a gargoyle
 11653 | D:9      | Noticed a cyclops
 11657 | D:9      | Killed a cyclops
 11658 | D:9      | Reached XP level 11. HP: 86/90 MP: 13/23
 11836 | D:9      | Found a runed translucent gate.
 11836 | D:9      | Found a runed translucent gate.
 11841 | D:9      | Found a runed translucent gate.
 11841 | D:9      | Noticed a purple ugly thing
 11841 | D:9      | Noticed a green ugly thing
 11841 | D:9      | Noticed a purple ugly thing
 11843 | D:9      | Noticed a green ugly thing
 11986 | D:9      | Reached skill level 5 in Armour
 12241 | D:10     | Entered Level 10 of the Dungeon
 12242 | D:10     | Lost mutation: You are somewhat resistant to further
                  | mutation. [potion of mutation]
 12242 | D:10     | Lost mutation: You are weak. (Str -2) [potion of mutation]
 12242 | D:10     | Gained mutation: You are frail. (-10% HP) [potion of
                  | mutation]
 12243 | D:10     | Lost mutation: You are frail. (-10% HP) [potion of
                  | mutation]
 12243 | D:10     | Gained mutation: You sometimes lose the ability to read
                  | scrolls when taking damage. [potion of mutation]
 12243 | D:10     | Gained mutation: You are covered in fur. (AC +1) [potion of
                  | mutation]
 12538 | D:10     | Identified the +5 dagger of the Pure Hells {spect, rElec
                  | rN++ Will- Str+3}
 12541 | D:10     | Found a staircase to the Orcish Mines.
 12547 | D:10     | Reached skill level 4 in Fighting
 12547 | D:10     | Reached skill level 9 in Spellcasting
 12822 | D:10     | You add the spells Shock, Airstrike, Borgnjor's Vile Clutch
                  | and Excruciating Wounds to your library.
 12822 | D:10     | Got the Almanac of Air and Evil Magic
 13052 | D:10     | Found Miyn Zyo's Jewellery Boutique.
 13067 | D:10     | Lost mutation: You are covered in fur. (AC +1) [potion of
                  | mutation]
 13067 | D:10     | Lost mutation: You sometimes lose the ability to read
                  | scrolls when taking damage. [potion of mutation]
 13067 | D:10     | Gained mutation: You have sharp fingernails. [potion of
                  | mutation]
 13067 | D:10     | Gained mutation: You passively map a large area around you.
                  | [potion of mutation]
 13067 | D:10     | Gained mutation: Your flesh is heat resistant. (rF+)
                  | [potion of mutation]
 13176 | D:10     | Reached skill level 6 in Dodging
 13181 | D:10     | Reached skill level 11 in Earth Magic
 13295 | D:10     | Found Duipyll's Assorted Antiques.
 13306 | D:10     | Bought a helmet for 135 gold pieces
 13395 | D:10     | Noticed Erolcha
 13406 | D:10     | Killed Erolcha
 13637 | D:10     | Noticed a two-headed ogre
 13641 | D:10     | Killed a two-headed ogre
 13642 | D:10     | Reached skill level 5 in Fighting
 13792 | D:10     | Found Efuemid's Weapon Boutique.
 13804 | D:10     | Noticed a two-headed ogre
 13804 | D:10     | Noticed a two-headed ogre
 13805 | D:10     | Noticed a two-headed ogre
 13806 | D:10     | Noticed Lodul
 13806 | D:10     | Noticed a two-headed ogre
 13807 | D:10     | Noticed a two-headed ogre
 13830 | D:11     | Noticed a death yak
 13894 | D:11     | Noticed a two-headed ogre
 13901 | D:11     | Killed a two-headed ogre
 14004 | D:11     | Reached skill level 7 in Summonings
 14141 | D:11     | Noticed a death yak
 14141 | D:11     | Noticed a death yak
 14151 | D:11     | Killed a death yak
 14152 | D:11     | Reached skill level 6 in Armour
 14175 | D:11     | Killed a death yak
 14182 | D:11     | HP: 8/90 [death yak (21)]
 14184 | D:11     | Mangled by a death yak

Vanquished Creatures
  Erolcha (D:10)
  2 two-headed ogres
  2 death yaks (D:11)
  A cyclops (D:9)
  Joseph (D:7)
  3 gargoyles
  A komodo dragon (D:10)
  Grinder (D:5)
  A hornet (D:7)
  2 trolls
  3 wyverns (D:10)
  18 yaks
  A vampire (D:11)
  A warg (D:9)
  3 steam dragons
  2 water moccasins
  2 orc warriors
  4 ice beasts
  2 black bears
  6 ogres
  2 phantoms
  A kobold brigand (D:7)
  7 bullfrogs
  2 gnoll sergeants
  2 necrophages (D:6)
  4 scorpions
  12 killer bees
  A howler monkey (D:6)
  A jelly (D:7)
  5 orc priests
  7 hounds
  Jessica (D:3)
  7 iguanas
  6 orc wizards
  2 hell rats
  9 gnolls
  3 river rats (D:11)
  6 adders
  A shadow imp (D:8)
  2 white imps
  An ufetubus (D:5)
  A worm (D:2)
  33 orcs
  6 ball pythons
  11 endoplasms
  3 giant cockroaches
  15 goblins
  7 hobgoblins
  6 jackals
  6 quokkas
  4 bats
  3 frilled lizards
  14 kobolds
  5 rats
253 creatures vanquished.

Vanquished Creatures (others)
  A two-headed ogre (D:9)
  A yak (D:10)
  An ice beast (D:7)
  A killer bee (D:10)
  An adder (D:5)
  4 gnolls (D:9)
  4 toadstools (D:1)
13 creatures vanquished.

Grand Total: 266 creatures vanquished

Table legend:
 A = Non-vault XP
 B = Vault XP
 C = Vault XP percentage of total XP
 D = Non-vault monster count
 E = Vault monster count
 F = Vault count percentage of total count
                 A         B        C        D         E       F
            +---------+---------+-------+---------+---------+-------
      Total |   15593 |    4279 |  21.5 |     219 |      39 |  15.1
            +---------+---------+-------+---------+---------+-------
        D:1 |      43 |       0 |   0.0 |      24 |       0 |   0.0
        D:2 |      77 |       0 |   0.0 |      17 |       0 |   0.0
        D:3 |     115 |      37 |  24.3 |      20 |       1 |   4.8
        D:4 |     228 |       0 |   0.0 |      17 |       0 |   0.0
        D:5 |    1679 |     660 |  28.2 |      23 |      11 |  32.4
        D:6 |    1719 |       0 |   0.0 |      26 |       0 |   0.0
        D:7 |    1732 |     466 |  21.2 |      30 |       1 |   3.2
        D:8 |    2498 |       0 |   0.0 |      19 |       0 |   0.0
        D:9 |    2366 |     407 |  14.7 |      19 |      10 |  34.5
       D:10 |    3669 |     980 |  21.1 |      21 |       8 |  27.6
       D:11 |    1467 |    1697 |  53.6 |       3 |       7 |  70.0
       D:12 |       0 |      32 | 100.0 |       0 |       1 | 100.0
            +---------+---------+-------+---------+---------+-------

Illustrated notes

Table legend:
 A = Kills in this place as a percentage of kills in entire the game.
 B = Kills by you in this place as a percentage of kills by you in the entire game.
 C = Kills by friends in this place as a percentage of kills by friends in the entire game.
 D = Other kills in this place as a percentage of other kills in the entire game.
 E = Experience gained in this place as a percentage of experience gained in the entire game.
 F = Experience gained in this place divided by the number of levels of this place that you have seen.
                   A       B       C       D       E      F
               +-------+-------+-------+-------+-------+----------------------
         Total | 100.0 | 100.0 |   N/A | 100.0 | 100.0 | 1528.6
       Dungeon | 100.0 | 100.0 |   N/A | 100.0 | 100.0 | 1656.0
               +-------+-------+-------+-------+-------+----------------------

Table legend: (Time is in decaauts)
 A = Elapsed time spent in this place.
 B = Non-inter-level travel time spent in this place.
 C = Inter-level travel time spent in this place.
 D = Time resting spent in this place.
 E = Time spent auto-exploring this place.
 F = Levels seen in this place.
 G = Mean time per level.
                   A        B        C        D        E       F      G
               +--------+--------+--------+--------+--------+-----+--------+
         Total |  14265 |  13914 |    351 |   1917 |  10391 |  13 | 1097.3 |
       Dungeon |  13958 |  13663 |    295 |   1917 |  10154 |  12 | 1163.2 |
        Temple |    307 |    251 |     56 |      0 |    237 |   1 |  307.0 |
               +--------+--------+--------+--------+--------+-----+--------+

Top non-repeatable levels by time:
     D:5: 1998 daAuts
     D:4: 1707 daAuts
     D:7: 1586 daAuts
     D:9: 1373 daAuts
    D:10: 1307 daAuts
     D:3: 1263 daAuts
     D:8: 1202 daAuts
     D:2: 1117 daAuts
     D:1: 1031 daAuts
     D:6: 1006 daAuts
    D:11: 352 daAuts
  Temple: 307 daAuts
    D:12: 8 daAuts
